 Dungeon Crawl Stone Soup version 0.25-a0-589-g1e14c54 (webtiles) character file.

Game seed: 7659558172893350948, levelgen mode: deterministic

3188 Faca the Spear-Bearer (level 9, -6/79 HPs)
             Began as a Merfolk Gladiator on Mar 11, 2020.
             Was an Initiate of Okawaru.
             Mangled by a manticore (7 damage)
             ... on level 7 of the Dungeon.
             The game lasted 00:14:56 (6605 turns).

Faca the Spear-Bearer (Merfolk Gladiator)           Turns: 6605, Time: 00:14:57

Health: -6/79      AC:  8    Str: 18    XL:     9   Next: 95%
Magic:  9/9        EV: 14    Int:  7    God:    Okawaru [......]
Gold:   331        SH:  0    Dex: 15    Spells: 8/8 levels left

rFire    . . .     SeeInvis .   a - +1 trident
rCold    . . .     Gourm    .   (no shield)
rNeg     . . .     Faith    .   k - +0 scale mail
rPois    .         Spirit   .   I - +2 hat
rElec    .         Reflect  .   (no cloak)
rCorr    .         Harm     .   (no gloves)
MR       .....                  (no boots)
Stlth    ..........             (no amulet)
HPRegen  0.23/turn              b - +3 ring of slaying
MPRegen  0.11/turn              q - +2 ring of evasion

@: barbed spikes, lightly drained
A: change form in water, swift swim, stealthy swim
a: Renounce Religion


You were on level 7 of the Dungeon.
You worshipped Okawaru.
Okawaru was noncommittal.
You were not hungry.

You visited 2 branches of the dungeon, and saw 8 of its levels.

You collected 413 gold pieces.
You spent 82 gold pieces at shops.

Inventory:

Hand Weapons
 a - a +1 trident (weapon)
Missiles
 d - 5 throwing nets (quivered)
 n - 4 javelins
 y - 14 boomerangs
Armour
 k - a +0 scale mail (worn)
 I - a +2 hat (worn)
Jewellery
 b - a +3 ring of slaying (left hand)
 q - a +2 ring of evasion (right hand)
 z - an uncursed ring of ice
 G - an uncursed ring of resist corrosion
Wands
 r - a wand of iceblast (9)
 u - a wand of paralysis (9)
 E - a wand of digging (3)
 F - a wand of acid (12)
Scrolls
 j - 2 scrolls of fear
 l - 4 scrolls of blinking
 m - 4 scrolls of identify
 v - 3 scrolls of enchant armour
 w - 3 scrolls of remove curse
 A - 3 scrolls of teleportation
 B - a scroll of fog
 C - a scroll of immolation
Potions
 e - 3 potions of mutation
 g - 2 potions of ambrosia
 h - a potion of cancellation
 i - 3 potions of haste
 o - a potion of lignification
 p - 2 potions of brilliance
 s - a potion of berserk rage
 t - a potion of stabbing
 x - 3 potions of might
 H - a potion of curing
Comestibles
 f - 17 rations


   Skills:
 + Level 10.6(10.5) Fighting
 + Level 13.6(13.5) Polearms
 - Level 2.0(1.9) Throwing
 + Level 4.5(4.4) Dodging


You had 8 spell levels left.
You didn't know any spells.
Your spell library was empty.

Dungeon Overview and Level Annotations

Branches:
Dungeon (7/15)             Temple (1/1) D:5

Altars:
Ashenzari
Cheibriados
Dithmenos
Elyvilon
Fedhas
Hepliaklqana
Makhleb
Nemelex Xobeh
Okawaru
Qazlal
Ru
Trog
Uskayaw
Vehumet
Wu Jian
Xom
Yredelemnul
Zin
The Shining One

Shops:
D:4 ?

Annotations:
D:6 2 transporters, Cimanyd's ghost, novice SpEn


Message History

The manticore barely misses you.
The manticore claws you but does no damage.
The manticore claws you.
* * * LOW HITPOINT WARNING * * *
You feel much better. The manticore bites you!!
* * * LOW HITPOINT WARNING * * *
The manticore claws you but does no damage.
The manticore misses you.
You hit the manticore.
The manticore is moderately wounded.
You hit the manticore but do no damage.
The manticore is moderately wounded.
The manticore bites you but does no damage.
The manticore barely misses you. The manticore completely misses you.
You hit the manticore.
The manticore is moderately wounded.
The manticore bites you!
* * * LOW HITPOINT WARNING * * *
The manticore misses you. The manticore claws you!
You die...

.....[........................ #
......#...#...#.........# ....###
...#...#...#...#.....#..# #..#..
....#...#...#...#.......# #...
...#...#...#...#.....##.# #...
..#...#...#...#......##.# #...
.....................#..## #...
....#...#...#..H#....)...## #...
...#...#...#...#@.........####...
..#(..#...#)..#.....#####..##....
...#...#...#...#....## ##........
#...#...#...#...#.#..###..##.....
..................###....###.....
##[##...........### ##..###......
..##..##.##....## ##.##..####.
.####.# ###....## ##.....## ##
...##.###..#....#####.###..# #


You could see a manticore.

Vanquished Creatures
  Pikel (D:4)
  Prince Ribbit (D:7)
  A steam dragon (D:7)
  A water moccasin (D:6)
  An orc warrior (D:6)
  An ice beast (D:5)
  A phantom (D:4)
  A slave (D:4)
  3 ogres
  2 centaurs
  A big kobold (D:7)
  A bullfrog (D:7)
  A wyvern skeleton (D:7)
  2 scorpions (D:5)
  A water moccasin skeleton (D:6)
  7 wights (D:7)
  A howler monkey (D:6)
  4 crimson imps
  A bullfrog skeleton (D:5)
  3 hounds (D:7)
  A jelly (D:5)
  A centaur skeleton (D:4)
  2 orc priests
  7 orc wizards
  2 iguanas (D:4)
  4 worker ants
  3 gnolls (D:4)
  3 adders
  2 shadow imps (D:5)
  3 oozes
  An adder zombie (D:5)
  A worm (D:2)
  A dart slug (D:1)
  4 leopard geckos
  21 orcs
  5 giant cockroaches
  13 goblins
  8 hobgoblins
  20 jackals
  7 quokkas
  2 ball pythons (D:3)
  6 bats
  8 frilled lizards
  4 kobolds
  A leopard gecko zombie (D:7)
  3 rats
168 creatures vanquished.

Notes
Turn   | Place    | Note
-------+----------+-------------------------------------------
     0 | D:1      | Faca the Merfolk Gladiator began the quest for the Orb.
     0 | D:1      | Reached XP level 1. HP: 16/16 MP: 1/1
    63 | D:1      | Reached XP level 2. HP: 23/23 MP: 2/2
   186 | D:1      | Reached skill level 5 in Polearms
   491 | D:1      | Reached XP level 3. HP: 29/29 MP: 3/3
  1277 | D:2      | Found a shattered altar of Ashenzari.
  1380 | D:2      | Reached XP level 4. HP: 32/35 MP: 4/4
  1682 | D:2      | Reached skill level 6 in Polearms
  1890 | D:3      | Found a sparkling altar of Nemelex Xobeh.
  2355 | D:4      | Reached XP level 5. HP: 37/42 MP: 5/5
  2382 | D:4      | Found Archovuan's Magic Scroll Emporium.
  2399 | D:4      | Noticed a phantom
  2422 | D:4      | Killed a phantom
  2422 | D:4      | Reached skill level 7 in Polearms
  2422 | D:4      | Reached XP level 6. HP: 38/50 MP: 6/6
  2561 | D:4      | Reached skill level 5 in Fighting
  2657 | D:4      | Noticed a slave
  2657 | D:4      | Noticed Pikel
  2658 | D:4      | Noticed a slave
  2658 | D:4      | Noticed a slave
  2658 | D:4      | Noticed a slave
  2668 | D:4      | Killed a slave
  2688 | D:4      | Killed Pikel
  2688 | D:4      | Reached skill level 9 in Polearms
  2688 | D:4      | Reached XP level 7. HP: 41/59 MP: 7/7
  3126 | D:4      | Bought a scroll of enchant armour for 82 gold pieces
  3226 | D:5      | Entered Level 5 of the Dungeon
  3228 | D:5      | Reached XP level 8. HP: 67/67 MP: 8/8
  3475 | D:5      | Reached skill level 10 in Polearms
  3734 | D:5      | Reached skill level 11 in Polearms
  3957 | D:5      | Found a staircase to the Ecumenical Temple.
  3972 | Temple   | Entered the Ecumenical Temple
  4552 | D:6      | Noticed a hornet
  4611 | D:6      | Noticed Cimanyd's ghost (novice SpEn)
  4713 | D:6      | Found a transporter.
  4715 | D:6      | Found a transporter.
  4730 | D:6      | Reached XP level 9. HP: 75/75 MP: 9/9
  4781 | D:6      | Reached skill level 12 in Polearms
  4793 | D:6      | You fall into a shaft and drop 1 floor!
  5066 | D:7      | Noticed Prince Ribbit
  5098 | D:7      | Killed Prince Ribbit
  5098 | D:7      | Reached skill level 10 in Fighting
  5098 | D:7      | Reached skill level 13 in Polearms
  5166 | D:7      | Found a white marble altar of Elyvilon.
  5383 | D:6      | Found a sacrificial altar of Ru.
  6176 | D:7      | Found an iron altar of Okawaru.
  6182 | D:7      | Found a snail-covered altar of Cheibriados.
  6184 | D:7      | Became a worshipper of Warmaster Okawaru
  6590 | D:7      | Noticed a manticore
  6605 | D:7      | HP: 1/79 [manticore (10)]
  6605 | D:7      | Mangled by a manticore

Levels and vault maps discovered:
D:1:      erik_arrival_cave_to_civilisation [erik_arrival_cave_to_hall],
          layout_basic
D:2:      layout_rooms, evilmike_ruin_ashenzari, first_ration
D:3:      layout_loops_ring, nemelex_xobeh_ov_fountains_minmay
D:4:      layout_loops_ring, serial_shops, nicolae_shop_window_shopping,
          uniq_pikel
D:5:      layout_cave_pods, minmay_temple_entry_purple_smoke, minmay_bent
D:6:      layout_loops_cross, gammafunk_ghost_hive,
          nicolae_ru_sacrificial_ziggurat
D:7:      cheibrodos_fzero, layout_layer_cave, elyvilon_altar_5,
          grunt_temple_overflow_open, serial_shops, kennysheep_mini_moat,
          uniq_prince_ribbit1
Temple:   jpeg_temple_clearing

Skill      XL: |  1  2  3  4  5  6  7  8  9 |
---------------+----------------------------+-----
Polearms       | 5 6 7 9 11 13 | 13.6
Fighting       | 3 4 6 7 8 10 | 10.6
Throwing       | |  2.0
Dodging        | |  4.5

Action                   |  1- 3 |  4- 6 |  7- 9 || total
-------------------------+-------+-------+-------++-------
Melee: Trident           |    90 |   173 |   347 ||   610
  Use: Scroll            |     2 |    11 |    10 ||    23
       Potion            |       |       |     1 ||     1
 Stab: Sleeping          |     2 |       |       ||     2
  Eat: Chunk             |     1 |     5 |    12 ||    18
Armor: Leather armour    |    16 |       |       ||    16
       Scale mail        |     6 |    48 |    69 ||   123
Dodge: Dodged            |    46 |    59 |   132 ||   237

Table legend:
 A = Non-vault XP
 B = Vault XP
 C = Vault XP percentage of total XP
 D = Non-vault monster count
 E = Vault monster count
 F = Vault count percentage of total count
                 A         B        C        D         E       F
            +---------+---------+-------+---------+---------+-------
      Total |    3006 |    1549 |  34.0 |     151 |      16 |   9.6
            +---------+---------+-------+---------+---------+-------
        D:1 |      44 |       4 |   8.3 |      23 |       2 |   8.0
        D:2 |      55 |       0 |   0.0 |      20 |       0 |   0.0
        D:3 |      58 |       0 |   0.0 |      22 |       0 |   0.0
        D:4 |     350 |     651 |  65.0 |      20 |       1 |   4.8
        D:5 |     705 |      81 |  10.3 |      28 |       4 |  12.5
        D:6 |     901 |       0 |   0.0 |      20 |       0 |   0.0
        D:7 |     893 |     813 |  47.7 |      18 |       9 |  33.3
            +---------+---------+-------+---------+---------+-------
